 Dungeon Crawl Stone Soup version 0.30-a0-591-g3c58d2bc28 (webtiles) character file.

Game seed: 2160996734593756952

4064 HoaS the Skirmisher (level 10, -1/53 HPs)
             Began as a Gargoyle Hunter on Jan 5, 2023.
             Was a Believer of Okawaru.
             Slain by a killer bee (4 damage)
             ... on level 9 of the Dungeon.
             The game lasted 00:21:48 (9392 turns).

HoaS the Skirmisher (Gargoyle Hunter)               Turns: 9392, Time: 00:21:48

Health: -1/53      AC: 18    Str: 15    XL:     10   Next: 25%
Magic:  12/12      EV: 12    Int: 10    God:    Okawaru [**....]
Gold:   400        SH:  0    Dex: 17    Spells: 9/9 levels left

rFire   . . .      SeeInvis .    w - +0 arbalest
rCold   . . .      Faith    .    (shield currently unavailable)
rNeg    + . .      Spirit   .    c - +0 leather armour
rPois   ∞          Reflect  .    k - +1 helmet
rElec   +          Harm     .    n - +2 cloak
rCorr   .          Rampage  .    j - +2 pair of gloves
Will    .....                    (no boots)
Stlth   ++                       (no amulet)
HPRegen 0.28/turn                s - ring of flight
MPRegen 0.13/turn                (no ring)

@: flying
A: sickness immunity, AC +7, negative energy resistance 1, electricity
resistance, torment resistance 1, petrification resistance
a: Renounce Religion, Heroism


You were on level 9 of the Dungeon.
You worshipped Okawaru.
Okawaru was pleased with you.
You visited 2 branches of the dungeon, and saw 11 of its levels.

You collected 575 gold pieces.
You spent 175 gold pieces at shops.

Inventory:

Hand Weapons
 w - a +0 arbalest (weapon)
Armour
 c - a +0 leather armour (worn)
 j - a +2 pair of gloves (worn)
 k - a +1 helmet (worn)
 n - a +2 cloak (worn)
Jewellery
 s - a ring of flight (left hand)
Wands
 a - a wand of iceblast (19)
 f - a wand of polymorph (14)
 p - a wand of charming (22)
 r - a wand of digging (9)
 v - a wand of flame (20)
 x - a wand of quicksilver (5)
Scrolls
 b - 3 scrolls of immolation
 h - 5 scrolls of identify
 l - 2 scrolls of teleportation
 m - a scroll of poison
 q - a scroll of fear
Potions
 e - a potion of berserk rage
 g - 5 potions of curing
 i - 3 potions of ambrosia
 o - 2 potions of attraction
 u - a potion of haste


   Skills:
 - Level 2.1 Fighting
 * Level 14.5 Ranged Weapons
 - Level 1.5 Dodging
 - Level 1.1 Stealth
 - Level 3.0 Invocations


You had 9 spell levels left.
You didn't know any spells.
Your spell library contained the following spells:

 Spells                   Type           Power      Damage    Failure   Level
 Foxfire                  Conj/Fire      0%         2x1d4     43%         1
 Magic Dart               Conj           0%         1d3       43%         1
 Dazzling Flash           Conj/Hex       0%         N/A       80%         3
 Inner Flame              Hex/Fire       0%         N/A       80%         3
 Mephitic Cloud           Conj/Pois/Air  0%         N/A       80%         3
 Flame Wave               Conj/Fire      0%         2d4       99%         4
 Sticky Flame             Conj/Fire      0%         2d3       99%         4
 Agony                    Necr           0%         N/A       100%        5
 Fireball                 Conj/Fire      0%         3d3       100%        5
 Silence                  Hex/Air        0%         N/A       100%        5
 Starburst                Conj/Fire      0%         6d3       100%        6
 Call Imp                 Summ           Unusable   N/A       N/A         2

Dungeon Overview and Level Annotations

Branches:
Dungeon (10/15)            Temple (1/1) D:7             Orc (0/2) D:9
   Lair: D:8-11

Altars:
Ashenzari
Cheibriados
Dithmenos
Elyvilon
Fedhas
Gozag
Hepliaklqana
Kikubaaqudgha
Makhleb
Nemelex Xobeh
Okawaru
Qazlal
Ru
Sif Muna
Trog
Uskayaw
Vehumet
Wu Jian
Xom
Yredelemnul
Zin
The Shining One

Shops:
D:2 !   D:4 :*   D:7 :

Annotations:
D:9 Psyche


Innate Abilities, Weirdness & Mutations

You are immune to sickness and miasma.
Your stone body is resilient. (AC +7)
You are immune to poison.
You resist negative energy. (rN+)
You are resistant to electric shocks. (rElec)
You are resistant to unholy torment.
You are immune to petrification.


Message History

The killer bee stings you but does no damage.
You shoot a bolt. The bolt hits the killer bee!!
You kill the killer bee!
Okawaru accepts your kill.
The killer bee stings you but does no damage.
The killer bee stings you.
The killer bee stings you but does no damage. x2
The killer bee barely misses you. x3; The killer bee closely misses you.
The killer bee stings you but does no damage.
You shoot a bolt. The bolt hits the killer bee.
The killer bee is moderately wounded.
The killer bee stings you but does no damage. x2
The killer bee closely misses you.
The killer bee stings you but does no damage.
The killer bee barely misses you.
The killer bee stings you but does no damage.
The killer bee closely misses you.
The killer bee stings you but does no damage. x2
The killer bee misses you.
You shoot a bolt. The bolt barely misses the killer bee.
The killer bee stings you but does no damage.
The killer bee barely misses you. x2
The killer bee stings you but does no damage.
The killer bee misses you. The killer bee barely misses you.
The killer bee stings you.
* * * LOW HITPOINT WARNING * * *
The killer bee stings you.
* * * LOW HITPOINT WARNING * * *
The killer bee barely misses you. The killer bee misses you.
The killer bee stings you.
* * * LOW HITPOINT WARNING * * *
The killer bee misses you.
The killer bee stings you but does no damage.
The killer bee barely misses you. x2
You shoot a bolt. The bolt barely misses the killer bee.
The killer bee stings you but does no damage.
The killer bee barely misses you. The killer bee closely misses you.
The killer bee stings you but does no damage.
The killer bee stings you.
You die...

# # # ######## ######
.......# ###....####
.......# #.........#
.......####.........#
...............yyy..#
...............y@...#
........####.>#y#####
........# ####.#
........# #.#
........# #.#
#######.# #.#
#.#######.#####
#######.............#
≈≈≈≈≈≈≈~~~~~≈~~.##.#.#
#.


You could see 5 killer bees.

Vanquished Creatures
  Pikel (D:8)
  2 wraiths
  2 water moccasins
  2 black bears
  An orc warrior (D:7)
  A sky beast (D:4)
  An ice beast (D:6)
  3 ogres
  2 centaurs
  A phantom (D:5)
  3 lemures
  2 kobold brigands (D:8)
  2 bullfrogs
  2 gnoll sergeants
  2 necrophages (D:8)
  3 scorpions
  5 wights (D:8)
  A killer bee (D:9)
  2 howler monkeys (D:7)
  5 electric eels (D:9)
  2 hounds (D:6)
  Crazy Yiuf (D:5)
  3 orc priests
  4 jellies
  4 iguanas
  Jessica (D:2)
  Terence (D:2)
  2 orc wizards
  Robin (D:1)
  18 gnolls
  8 adders
  2 white imps
  An ufetubus (D:6)
  3 worms (D:2)
  3 dart slugs
  29 orcs
  11 ball pythons
  7 endoplasms
  A giant cockroach (D:4)
  10 goblins
  10 hobgoblins
  4 jackals (D:1)
  18 kobolds
  4 quokkas
  6 bats
  6 frilled lizards
  4 goblin skeletons (D:6)
  A goblin zombie (D:6)
  2 hobgoblin zombies (D:6)
  A kobold skeleton (D:6)
  2 kobold zombies (D:6)
  An orc skeleton (D:6)
  6 rats (D:1)
220 creatures vanquished.

Notes
Turn   | Place    | Note
-------+----------+-------------------------------------------
     0 | D:1      | HoaS the Gargoyle Hunter began the quest for the Orb.
     0 | D:1      | Reached XP level 1. HP: 12/12 MP: 1/1
   124 | D:1      | Found Nuocog's Assorted Antiques.
   154 | D:1      | Reached XP level 2. HP: 17/17 MP: 2/2
   410 | D:1      | Reached XP level 3. HP: 21/21 MP: 3/3
   478 | D:1      | Reached skill level 5 in Ranged Weapons
  1079 | D:2      | Noticed Jessica
  1080 | D:2      | Killed Jessica
  1081 | D:2      | Reached XP level 4. HP: 26/26 MP: 4/4
  1189 | D:2      | Reached skill level 6 in Ranged Weapons
  1368 | D:2      | Reached XP level 5. HP: 30/30 MP: 5/5
  1374 | D:2      | Noticed Terence
  1400 | D:2      | Killed Terence
  1432 | D:2      | Noticed Robin
  1503 | D:1      | Killed Robin
  1734 | D:2      | Found Istryuh's Distillery.
  1740 | D:2      | Bought 2 potions of curing for 66 gold pieces
  1740 | D:2      | Bought a potion of heal wounds for 55 gold pieces
  2398 | D:2      | Reached skill level 7 in Ranged Weapons
  2519 | D:2      | Reached XP level 6. HP: 33/35 MP: 6/6
  3216 | D:4      | Found Qaikaif's General Store.
  3276 | D:4      | Found a sparkling altar of Nemelex Xobeh.
  3283 | D:4      | Noticed a sky beast
  3297 | D:4      | Killed a sky beast
  3298 | D:4      | Reached skill level 8 in Ranged Weapons
  3298 | D:4      | Reached XP level 7. HP: 40/40 MP: 7/7
  3365 | D:4      | Found Nituwin's Book Shop.
  3549 | D:4      | Found a broken altar of Ashenzari.
  3703 | D:4      | Found a stormy altar of Qazlal.
  3726 | D:5      | Entered Level 5 of the Dungeon
  4196 | D:5      | Reached skill level 9 in Ranged Weapons
  4378 | D:5      | Reached XP level 8. HP: 44/44 MP: 8/8
  4641 | D:5      | Found a runed translucent door.
  4642 | D:5      | Noticed Crazy Yiuf
  4883 | D:5      | Killed Crazy Yiuf
  4884 | D:5      | Reached skill level 10 in Ranged Weapons
  5359 | D:6      | Found a glowing golden altar of the Shining One.
  5529 | D:6      | Found a burning altar of Makhleb.
  5658 | D:6      | Reached skill level 11 in Ranged Weapons
  6138 | D:6      | Reached XP level 9. HP: 48/48 MP: 9/9
  6161 | D:6      | Identified the +5 falchion "Kevvio" {freeze, Int+2 SInv
                  | Stlth+}
  6307 | D:6      | Reached skill level 12 in Ranged Weapons
  6379 | D:6      | Found a white marble altar of Elyvilon.
  6849 | D:7      | Found Odaugaso's Book Boutique.
  7368 | D:7      | Found a staircase to the Ecumenical Temple.
  7376 | Temple   | Entered the Ecumenical Temple
  7599 | Temple   | Became a worshipper of Warmaster Okawaru
  8107 | D:4      | Bought a +0 arbalest for 54 gold pieces
  8245 | D:8      | Reached skill level 1 in Invocations
  8257 | D:8      | Noticed Pikel
  8484 | D:8      | Reached skill level 13 in Ranged Weapons
  8565 | D:8      | Reached * piety under Okawaru
  8664 | D:8      | Killed Pikel
  8664 | D:8      | Reached ** piety under Okawaru
  8665 | D:8      | Reached skill level 14 in Ranged Weapons
  8665 | D:8      | Reached XP level 10. HP: 42/53 MP: 12/12
  8735 | D:8      | Found a bloodstained altar of Trog.
  8782 | D:8      | Identified the +4 war axe of Wu Jian's Generosity {speed,
                  | rCorr}
  8929 | D:9      | Noticed Psyche
  9147 | D:9      | Found a staircase to the Orcish Mines.
  9181 | D:9      | Noticed a molten gargoyle
  9181 | D:9      | Noticed a molten gargoyle
  9182 | D:9      | Noticed a molten gargoyle
  9206 | D:10     | Entered Level 10 of the Dungeon
  9209 | D:10     | Noticed a two-headed ogre
  9392 | D:9      | Slain by a killer bee

Illustrated notes

Levels and vault maps discovered:
D:1:      dpeg_arrival_boxes_within_box, layout_basic, serial_shops,
          nicolae_shop_overgrown_old_shop
D:2:      layout_loops_ring, serial_shops, nicolae_shop_stone, uniq_terence,
          uniq_jessica, uniq_robin
D:3:      layout_basic
D:4:      layout_rooms, mainiacjoe_overflow_swirl, lemuel_tele_altar,
          serial_shops, kennysheep_mini, shop
D:5:      layout_loops_corners, grunt_decor_cap, uniq_crazy_yiuf_cottage
D:6:      layout_layer_cave, kennysheep_mini_moat, elyvilon_altar_1,
          nicolae_tso_besieged_by_evil, minmay_quadrilaterals
D:7:      layout_loops_corners, minmay_temple_entry_waves,
          nicolae_take_the_stairs, grunt_ministairs_9
D:8:      layout_basic, lightli_temple_of_fire, uniq_pikel
D:9:      layout_basic, orc_0_dummy, minivault_8, uniq_harold, uniq_psyche
D:10:     layout_layer_cave, serial_rivers, chequers_serial_rivers_room_b,
          chequers_serial_rivers_marsh, chequers_serial_rivers_micro_d,
          chequers_serial_rivers_small_a, chequers_serial_rivers_micro_c,
          chequers_serial_rivers_marsh
Temple:   regret_index_temple_generic_petals

Skill      XL: |  1  2  3  4  5  6  7  8  9 |
---------------+----------------------------+-----
Ranged Weapons | 5 6 7 8 9 11 14 | 14.5
Invocations    | 3 |  3.0
Fighting       | |  2.1
Dodging        | |  1.5
Stealth        | |  1.1

Action                   |  1- 3 |  4- 6 |  7- 9 | 10-12 || total
-------------------------+-------+-------+-------+-------++-------
Melee: Unarmed           |       |       |       |     1 ||     1
 Fire: Shortbow          |   144 |   238 |   393 |       ||   775
       Arbalest          |       |       |    85 |    64 ||   149
Invok: Heroism           |       |       |       |     1 ||     1
  Use: Scroll            |     1 |     7 |     4 |     3 ||    15
       Potion            |       |       |     1 |     2 ||     3
Armor: Leather armour    |    15 |    77 |    94 |    52 ||   238
       Skin              |       |    12 |     2 |       ||    14
Dodge: Dodged            |    30 |    80 |   101 |    64 ||   275

Table legend: (Time is in decaauts)
 A = Elapsed time spent in this place.
 B = Non-inter-level travel time spent in this place.
 C = Inter-level travel time spent in this place.
 D = Time resting spent in this place.
 E = Time spent auto-exploring this place.
 F = Levels seen in this place.
 G = Mean time per level.
                   A        B        C        D        E       F      G
               +--------+--------+--------+--------+--------+-----+--------+
         Total |   9508 |   8935 |    573 |   1324 |   5538 |  11 |  864.4 |
       Dungeon |   9243 |   8734 |    509 |   1324 |   5343 |  10 |  924.3 |
        Temple |    264 |    200 |     64 |      0 |    195 |   1 |  264.0 |
               +--------+--------+--------+--------+--------+-----+--------+

Top non-repeatable levels by time:
     D:6: 1527 daAuts
     D:5: 1378 daAuts
     D:7: 1349 daAuts
     D:2: 1283 daAuts
     D:3: 972 daAuts
     D:1: 931 daAuts
     D:8: 702 daAuts
     D:4: 663 daAuts
     D:9: 428 daAuts
  Temple: 264 daAuts
    D:10: 5 daAuts
